cohdb
Replays
Latest Replays
All Replays
Popular Replays
Top Player Replays
Match Explorer
How It Works
Community
CoH3 Stats
Reddit
Sign in to upload your games and track your stats! →
Sign in with Steam
Match 42805503
Unlisted
Match 42805503
Overview
Messages
Build Orders
End
250 Light Carrier
Panzerpioneer Squad
Selects Panzerjäger Kommand Battlegroup
Selects Mine Fields
250 Light Carrier
Construct Light Support Kompanie
Combat Half-tracks
Selects GrB 39 Grenade Launcher Requisition
Fire Support Elements
MG34 Team
Panzerpioneer Squad
Panzerpioneer Squad
Flakvierling Half-track
Panzerjäger Mechanized Group
Selects Defensive Positions
Construct Panzerarmee Kommand
Advanced Field Repairs
Vehicle Survival Package
Armored Reserves
2.5-tonne Medical Truck
Selects Butterfly Bomb Drop
Butterfly Bomb Drop
Tiger Heavy Tank
Tungsten Core Ammunition
Advanced Optics
Butterfly Bomb Drop
Walking Stuka Rocket Launcher
Butterfly Bomb Drop
Flak 36 Anti-tank Gun Team
Butterfly Bomb Drop
Selects Crew Shock Tactics
Selects Anti-tank Overwatch
Rapid Advance
Butterfly Bomb Drop
Anti-tank Overwatch
Acelguita
Hand Banana
XX_76_XX
dan legend
Wilson
Sean-Jared
0
0
Comments
sign in to comment!
No comments posted yet!